General information
			
			
        
        - name: BNet
 
        - type: Ladder team game (AT/RT)
 
        - host: Battle.net
 
        - saver: MsClausPlusNine
 
        
map: Highperch 
        - players: 6
 
        - length: 25:48
 
        - speed: Fast
 - version: 1.22 W3XP
 - replay type:  

 
» download(189 KB)
Players
        team 1 (loser) 
              
              
» 
cl0ud (
yellow | 170 APM | 4308 actions | 25:19)
              
 2 Priestess of the Moon 
 1 Trueshot Aura
 1 Scout
 1 Keeper of the Grove 
 1 Entangling Roots
 
                » actions 
                
                | Assign group hotkey | 22 |  | 
| Basic commands | 119 |  | 
| Build / train | 73 |  | 
| ESC pressed | 1 |  | 
| Enter build submenu | 35 |  | 
| Enter hero's abilities submenu | 3 |  | 
| Right click | 1100 |  | 
| Select / deselect | 1439 |  | 
| Select group hotkey | 1395 |  | 
| Use ability | 118 |  | 
                4308 total
 » units 
                
                | Wisp | 37 |  | 
| Archer | 7 |  | 
| Mountain Giant | 9 |  | 
                53 total
 » upgrades
                
                | Hardened Skin | 1 |  | 
| Resistant Skin | 1 |  | 
| Strength of the Wild | 2 |  | 
| Reinforced Hides | 2 |  | 
                6 total
 » buildings
                
                | Altar of Elders | 1 |  | 
| Moon Well | 15 |  | 
| Ancient of War | 1 |  | 
| Tree of Ages | 1 |  | 
| Ancient of Wonders | 1 |  | 
| Tree of Life | 1 |  | 
| Tree of Eternity | 1 |  | 
| Hunter's Hall | 2 |  | 
| Ancient of Lore | 4 |  | 
                27 total
 » build order
                00:07 Altar of Elders
00:20 Moon Well
00:22 Moon Well
00:34 Ancient of War
01:39 Moon Well
02:36 Moon Well
03:07 Tree of Ages
04:04 Ancient of Wonders
04:56 Tree of Life
05:19 Moon Well
05:20 Moon Well
05:22 Moon Well
06:15 Tree of Eternity
06:16 Hunter's Hall
07:32 Hunter's Hall
08:51 Ancient of Lore
09:06 Ancient of Lore
09:15 Ancient of Lore
09:46 Ancient of Lore
10:16 Moon Well
12:19 Moon Well
12:21 Moon Well
12:23 Moon Well
12:25 Moon Well
12:27 Moon Well
13:12 Moon Well
13:40 Moon Well
 
               
              
              
IWant2BeFree (
blue | 34 APM | 875 actions | 25:46)
              
 3 Death Knight 
 2 Death Coil
 1 Unholy Aura
 1 Dreadlord 
 1 Vampiric Aura
 
                » actions 
                
                | Assign group hotkey | 3 |  | 
| Build / train | 56 |  | 
| Enter build submenu | 21 |  | 
| Enter hero's abilities submenu | 4 |  | 
| Remove unit from queue | 9 |  | 
| Right click | 364 |  | 
| Select / deselect | 378 |  | 
| Select group hotkey | 11 |  | 
| Use ability | 29 |  | 
                875 total
 » units 
                
                | Acolyte | 8 |  | 
| Ghoul | 3 |  | 
| Crypt Fiend | 6 |  | 
| Meatwagon | 6 |  | 
| Frost Wyrm | 6 |  | 
                29 total
 » upgrades
                
                | Creature Attack | 1 |  | 
| Creature Carapace | 1 |  | 
                2 total
 » buildings
                
                | Ziggurat | 9 |  | 
| Graveyard | 1 |  | 
| Crypt | 1 |  | 
| Nerubian Tower | 5 |  | 
| Altar of Darkness | 1 |  | 
| Halls of the Dead | 1 |  | 
| Tomb of Relics | 1 |  | 
| Slaughterhouse | 1 |  | 
| Black Citadel | 1 |  | 
| Sacrificial Pit | 1 |  | 
| Boneyard | 2 |  | 
                24 total
 » build order
                00:28 Ziggurat
00:34 Graveyard
00:46 Crypt
01:23 Ziggurat
01:25 Nerubian Tower
01:46 Altar of Darkness
02:20 Ziggurat
03:11 Nerubian Tower
03:20 Nerubian Tower
07:07 Ziggurat
07:08 Ziggurat
08:49 Halls of the Dead
09:18 Nerubian Tower
09:20 Nerubian Tower
09:26 Tomb of Relics
11:22 Slaughterhouse
13:27 Ziggurat
13:28 Ziggurat
13:29 Ziggurat
18:20 Black Citadel
20:19 Sacrificial Pit
21:21 Boneyard
21:27 Boneyard
21:33 Ziggurat
» items
                 
               
              
              
IWant2Rock (
red | 58 APM | 1482 actions | 25:39)
              
 4 Blademaster 
 1 Wind Walk
 3 Critical Strike
 1 Shadow Hunter 
 1 Hex
 
                » actions 
                
                | Assign group hotkey | 39 |  | 
| Basic commands | 1 |  | 
| Build / train | 100 |  | 
| Enter build submenu | 24 |  | 
| Enter hero's abilities submenu | 5 |  | 
| Remove unit from queue | 7 |  | 
| Right click | 857 |  | 
| Select / deselect | 270 |  | 
| Select group hotkey | 127 |  | 
| Use ability | 51 |  | 
                1482 total
 » units 
                
                | Peon | 22 |  | 
| Grunt | 22 |  | 
| Troll Batrider | 3 |  | 
| Demolisher | 21 |  | 
| Raider | 9 |  | 
                77 total
 » upgrades
                
                | Pillage | 0 |  | 
| Burning Oil | 1 |  | 
| Liquid Fire | 1 |  | 
| Ranged Weapons | 2 |  | 
| Armor | 1 |  | 
                5 total
 » buildings
                
                | Altar of Storms | 1 |  | 
| Orc Burrow | 10 |  | 
| Barracks | 1 |  | 
| Voodoo Lounge | 1 |  | 
| Stronghold | 1 |  | 
| Great Hall | 1 |  | 
| Beastiary | 1 |  | 
| War Mill | 2 |  | 
| Fortress | 1 |  | 
| Spirit Lodge | 1 |  | 
                20 total
 » build order
                00:24 Altar of Storms
00:40 Orc Burrow
00:55 Barracks
01:45 Orc Burrow
02:30 Voodoo Lounge
02:52 Orc Burrow
03:46 Orc Burrow
05:40 Stronghold
06:42 Great Hall
07:07 Orc Burrow
08:05 Beastiary
09:13 War Mill
09:39 Fortress
13:20 Orc Burrow
19:14 War Mill
19:20 Spirit Lodge
22:33 Orc Burrow
22:37 Orc Burrow
22:41 Orc Burrow
22:47 Orc Burrow
» items
                
                | Healing Salve | 1 |  | 
| Orb of Lightning | 1 |  | 
| Scroll of Town Portal | 1 |  | 
| Scroll of Speed | 1 |  | 
                4 total
  
               team 2 (winner) 
              
              
JingleBalls8llD (
green | 78 APM | 2013 actions | 25:47)
              
 4 Blood Mage 
 2 Flame Strike
 2 Siphon Mana
 3 Beastmaster 
 1 Summon Quilbeast
 2 Summon Hawk
 
                » actions 
                
                | Assign group hotkey | 12 |  | 
| Basic commands | 57 |  | 
| Build / train | 90 |  | 
| ESC pressed | 2 |  | 
| Enter build submenu | 50 |  | 
| Enter hero's abilities submenu | 7 |  | 
| Give item / drop item | 2 |  | 
| Remove unit from queue | 1 |  | 
| Right click | 954 |  | 
| Select / deselect | 208 |  | 
| Select group hotkey | 456 |  | 
| Use ability | 174 |  | 
                2013 total
 » units 
                
                | Peasant | 14 |  | 
| Dragonhawk Rider | 8 |  | 
                22 total
 » upgrades
                
                | Masonry | 3 |  | 
| Lumber Harvesting | 1 |  | 
| Armor | 2 |  | 
| Priest Training | 1 |  | 
| Magic Sentry | 1 |  | 
| Cloud | 1 |  | 
| Swords | 1 |  | 
| Animal War Training | 1 |  | 
| Sorceress Training | 1 |  | 
                12 total
 » buildings
                
                | Lumber Mill | 1 |  | 
| Altar of Kings | 1 |  | 
| Farm | 16 |  | 
| Scout Tower | 46 |  | 
| Arcane Tower | 1 |  | 
| Guard Tower | 22 |  | 
| Town Hall | 1 |  | 
| Arcane Vault | 1 |  | 
| Keep | 5 |  | 
| Arcane Sanctum | 1 |  | 
| Blacksmith | 1 |  | 
| Gryphon Aviary | 1 |  | 
| Castle | 1 |  | 
| Barracks | 1 |  | 
                99 total
 » build order
                00:09 Lumber Mill
00:38 Altar of Kings
00:40 Farm
01:18 Scout Tower
01:35 Scout Tower
01:47 Arcane Tower
01:48 Scout Tower
02:04 Farm
02:10 Guard Tower
02:12 Scout Tower
02:17 Guard Tower
02:25 Scout Tower
02:39 Guard Tower
02:46 Scout Tower
03:00 Scout Tower
03:03 Guard Tower
03:39 Guard Tower
03:41 Scout Tower
03:41 Scout Tower
04:11 Guard Tower
04:13 Scout Tower
04:13 Scout Tower
04:15 Scout Tower
04:16 Scout Tower
04:18 Scout Tower
04:47 Guard Tower
05:47 Town Hall
05:54 Arcane Vault
05:59 Guard Tower
06:01 Scout Tower
06:03 Scout Tower
06:31 Guard Tower
07:24 Scout Tower
07:25 Scout Tower
07:26 Scout Tower
07:53 Guard Tower
08:00 Scout Tower
08:09 Keep
08:09 Keep
08:09 Keep
08:47 Guard Tower
09:27 Keep
09:44 Scout Tower
09:45 Scout Tower
09:46 Scout Tower
09:47 Scout Tower
10:45 Arcane Sanctum
10:47 Blacksmith
10:53 Gryphon Aviary
10:56 Guard Tower
10:57 Castle
13:09 Farm
13:11 Farm
13:16 Farm
13:17 Farm
13:18 Farm
13:20 Farm
13:21 Farm
13:29 Barracks
15:55 Scout Tower
15:55 Scout Tower
15:56 Scout Tower
15:57 Scout Tower
15:58 Scout Tower
15:58 Scout Tower
15:59 Scout Tower
16:00 Scout Tower
16:01 Scout Tower
16:02 Scout Tower
16:02 Scout Tower
16:36 Guard Tower
16:49 Guard Tower
18:13 Guard Tower
18:25 Guard Tower
18:27 Scout Tower
18:28 Scout Tower
18:28 Scout Tower
18:30 Scout Tower
18:31 Scout Tower
18:31 Scout Tower
18:32 Scout Tower
18:33 Scout Tower
18:34 Scout Tower
18:34 Scout Tower
19:11 Farm
19:12 Farm
19:13 Farm
19:14 Farm
19:15 Farm
19:15 Farm
19:17 Farm
19:25 Guard Tower
20:10 Guard Tower
20:32 Scout Tower
22:09 Guard Tower
22:53 Guard Tower
23:36 Guard Tower
25:40 Guard Tower
» items
                
                | Boots of Speed | 2 |  | 
| Staff of Teleportation | 3 |  | 
| Healing Salve | 2 |  | 
| Lesser Clarity Potion | 1 |  | 
| Orb of Lightning | 2 |  | 
| Staff of Sanctuary | 2 |  | 
| Potion of Lesser Invulnerability | 2 |  | 
| Potion of Healing | 2 |  | 
                16 total
  
               
              
              
MsClausPlusNine (
purple | 82 APM | 2128 actions | 25:48)
              
 6 Blademaster 
 2 Wind Walk
 3 Critical Strike
 1 Bladestorm
 
                » actions 
                
                | Assign group hotkey | 3 |  | 
| Build / train | 43 |  | 
| Enter build submenu | 23 |  | 
| Enter hero's abilities submenu | 6 |  | 
| Give item / drop item | 13 |  | 
| Right click | 1625 |  | 
| Select / deselect | 120 |  | 
| Select group hotkey | 227 |  | 
| Use ability | 68 |  | 
                2128 total
 » units 
                » upgrades
                » buildings
                
                | Altar of Storms | 1 |  | 
| Orc Burrow | 4 |  | 
| War Mill | 1 |  | 
| Voodoo Lounge | 2 |  | 
| Watch Tower | 12 |  | 
| Stronghold | 1 |  | 
| Fortress | 1 |  | 
| Spirit Lodge | 1 |  | 
| Beastiary | 2 |  | 
                25 total
 » build order
                00:05 Altar of Storms
00:10 Orc Burrow
00:32 War Mill
01:34 Voodoo Lounge
01:41 Voodoo Lounge
02:39 Watch Tower
02:46 Watch Tower
04:07 Watch Tower
04:12 Watch Tower
04:13 Stronghold
06:06 Watch Tower
06:08 Watch Tower
06:42 Fortress
06:43 Spirit Lodge
06:45 Beastiary
06:46 Beastiary
07:33 Watch Tower
07:40 Orc Burrow
07:43 Orc Burrow
08:53 Watch Tower
10:38 Orc Burrow
13:21 Watch Tower
13:21 Watch Tower
13:23 Watch Tower
13:24 Watch Tower
» items
                
                | Boots of Speed | 1 |  | 
| Staff of Teleportation | 1 |  | 
| Healing Salve | 6 |  | 
| Lesser Clarity Potion | 4 |  | 
| Orb of Lightning | 1 |  | 
                13 total
  
               
              
              
yuleskjul (
teal | 106 APM | 2732 actions | 25:47)
              
 4 Archmage 
 2 Blizzard
 2 Brilliance Aura
 3 Mountain King 
 2 Storm Bolt
 1 Bash
 
                » actions 
                
                | Assign group hotkey | 327 |  | 
| Basic commands | 10 |  | 
| Build / train | 100 |  | 
| Enter build submenu | 52 |  | 
| Enter hero's abilities submenu | 7 |  | 
| Give item / drop item | 5 |  | 
| Right click | 1363 |  | 
| Select / deselect | 236 |  | 
| Select group hotkey | 496 |  | 
| Use ability | 136 |  | 
                2732 total
 » units 
                
                | Peasant | 18 |  | 
| Dragonhawk Rider | 7 |  | 
                25 total
 » upgrades
                
                | Masonry | 3 |  | 
| Lumber Harvesting | 2 |  | 
| Magic Sentry | 1 |  | 
| Swords | 3 |  | 
| Armor | 3 |  | 
| Animal War Training | 1 |  | 
| Gunpowder | 1 |  | 
| Plating | 1 |  | 
| Flak Cannons | 1 |  | 
| Fragmentation Shards | 1 |  | 
| Flying Machine Bombs | 1 |  | 
| Flare | 1 |  | 
| Barrage | 1 |  | 
                20 total
 » buildings
                
                | Altar of Kings | 1 |  | 
| Lumber Mill | 1 |  | 
| Farm | 5 |  | 
| Scout Tower | 35 |  | 
| Arcane Tower | 5 |  | 
| Guard Tower | 25 |  | 
| Arcane Vault | 1 |  | 
| Keep | 1 |  | 
| Town Hall | 1 |  | 
| Arcane Sanctum | 1 |  | 
| Castle | 1 |  | 
| Gryphon Aviary | 1 |  | 
| Barracks | 1 |  | 
| Blacksmith | 1 |  | 
| Workshop | 3 |  | 
                83 total
 » build order
                00:13 Altar of Kings
00:23 Lumber Mill
00:33 Farm
01:00 Farm
01:34 Scout Tower
01:47 Scout Tower
01:52 Farm
02:05 Arcane Tower
02:05 Arcane Tower
02:05 Arcane Tower
02:05 Arcane Tower
02:13 Scout Tower
02:21 Scout Tower
02:33 Guard Tower
02:33 Guard Tower
02:43 Guard Tower
02:43 Guard Tower
02:43 Guard Tower
02:46 Scout Tower
03:02 Scout Tower
03:02 Guard Tower
03:03 Guard Tower
03:43 Guard Tower
03:44 Scout Tower
03:46 Arcane Vault
04:19 Guard Tower
04:20 Scout Tower
04:28 Keep
04:55 Guard Tower
04:57 Scout Tower
04:59 Scout Tower
05:28 Scout Tower
05:29 Guard Tower
06:00 Guard Tower
06:01 Scout Tower
06:04 Scout Tower
06:05 Scout Tower
06:06 Scout Tower
06:27 Farm
06:56 Guard Tower
06:58 Scout Tower
07:49 Town Hall
08:00 Arcane Sanctum
09:22 Castle
09:26 Scout Tower
09:33 Guard Tower
09:40 Guard Tower
09:42 Scout Tower
09:43 Scout Tower
09:52 Scout Tower
09:52 Scout Tower
10:52 Guard Tower
10:54 Guard Tower
10:56 Scout Tower
10:58 Scout Tower
11:00 Gryphon Aviary
12:13 Scout Tower
12:14 Scout Tower
12:19 Barracks
12:20 Blacksmith
12:24 Guard Tower
12:27 Scout Tower
12:48 Scout Tower
13:35 Guard Tower
13:37 Scout Tower
13:41 Scout Tower
14:18 Guard Tower
14:24 Scout Tower
14:26 Scout Tower
14:27 Scout Tower
14:55 Guard Tower
17:29 Farm
18:53 Guard Tower
18:56 Scout Tower
23:01 Workshop
23:06 Workshop
23:10 Workshop
» items
                
                | Healing Salve | 4 |  | 
| Orb of Lightning | 2 |  | 
| Boots of Speed | 2 |  | 
| Staff of Teleportation | 2 |  | 
| Scroll of Town Portal | 3 |  | 
| Staff of Sanctuary | 1 |  | 
                14 total
  
                Chat log
          (00:17 / All) JingleBalls8llD: welcome to my website.
(00:25 / All) MsClausPlusNine: ho-o-o-o-o-o-mpy
(01:32 / All) JingleBalls8llD: oh the weahter outside is frightful.....
(02:15 / All) MsClausPlusNine: U guys like this game?
(02:21 / All) MsClausPlusNine: I got it for early christmist
(02:35 / All) JingleBalls8llD: where are You Guys From.
(03:23 / All) yuleskjul: i feel sick to my stomach
(03:28 / All) yuleskjul: Even though i just got ebowla soup
(04:22 / All) MsClausPlusNine: HMM I CHECK OTHERSIDE
(04:29 / All) yuleskjul: noep
(04:34 / All) JingleBalls8llD: noel
(04:35 / All) MsClausPlusNine: hey guys
(04:36 / All) JingleBalls8llD: noeeell
(04:43 / All) MsClausPlusNine: u likea tower?
(05:08 / Allies) MsClausPlusNine: pastor fahlberg badade aldrig i genesarets
(05:11 / All) MsClausPlusNine: pastor fahlberg badade aldrig i genesarets
(05:36 / All) MsClausPlusNine: Hi yeah is this the OSNA(ornithological societies of North america)? Yeah i just spotted two grand Birdnoobs on highperch
(06:07 / All) JingleBalls8llD: bah humbug
(08:13 / All) JingleBalls8llD: yoooohoooo
(09:36 / Allies) JingleBalls8llD: pc it
(13:35 / All) MsClausPlusNine: U know how we do?
(13:41 / All) MsClausPlusNine: <----- tacobellswamp
(15:28 / All) MsClausPlusNine: Peasant Presents :)
(18:26 / All) yuleskjul: well
(18:27 / All) MsClausPlusNine: a successful assault?
(18:31 / All) cl0ud: well ?
(18:34 / All) cl0ud: well
(18:35 / All) yuleskjul: you suck a juicy christmas duck
(18:47 / All) MsClausPlusNine: Happy Holidays, from Highper.ch!  Wish you were here!
(18:56 / All) MsClausPlusNine: Christmas is coming, the tower's in the oven,
(19:53 / All) MsClausPlusNine: ty for da Siege
(20:42 / All) MsClausPlusNine: Angry Detonate
(20:50 / All) cl0ud: yep..
(20:52 / All) MsClausPlusNine: "if i can't have wisp....neither can YOU"
(21:00 / All) MsClausPlusNine: hey yellow....
(21:01 / All) MsClausPlusNine: hey?
(21:07 / All) yuleskjul: hey cloud how you lose to tower 2x...
(21:12 / All) yuleskjul: (2 times)
(21:12 / All) MsClausPlusNine: you there Cloud?
(21:16 / All) cl0ud: if i knew these were so horrible i wouldnt play with them
(21:17 / All) cl0ud: damn it
(21:21 / All) MsClausPlusNine: TacoBellSwamp: u have No hope to survive....take a chance?
(21:22 / All) yuleskjul: sturifeo?
(21:27 / All) MsClausPlusNine: is funny cause U Da Worst
(21:29 / All) MsClausPlusNine: on your team
(21:36 / All) cl0ud: lol
(21:42 / All) yuleskjul: Now u die
(21:57 / All) cl0ud: k
(21:59 / All) MsClausPlusNine: Lmao.  What happened to u.
(22:05 / All) yuleskjul: How much food is that
(22:06 / All) MsClausPlusNine: you dead.....in a grave
(22:14 / All) yuleskjul: all that upkeep for fat butts can't even protect a keeper
(22:26 / All) yuleskjul: that's what we call polish parliament
(22:43 / All) cl0ud: guys
(22:48 / All) MsClausPlusNine: i know already
(22:49 / All) cl0ud: want some exp ?
(22:50 / All) MsClausPlusNine: u a noob
(22:57 / All) MsClausPlusNine: nah you could win
(23:00 / All) MsClausPlusNine: we never won on this map
(23:04 / All) MsClausPlusNine: too little gould
(23:32 / All) cl0ud: its the only way i found to scout u
(23:33 / All) MsClausPlusNine: Achop
(23:48 / All) cl0ud: lol
(23:52 / All) JingleBalls8llD: you rage suiciding yellow?
(24:01 / All) cl0ud: W.E
(24:06 / All) MsClausPlusNine: water elemental....?
(24:11 / All) cl0ud: yep
(24:25 / All) JingleBalls8llD: what a little baby
(24:29 / All) JingleBalls8llD: cant handle a man's video game
(25:45 / All) MsClausPlusNine: I Want 2 Quit